 Dungeon Crawl Stone Soup version 0.13.1-28-g3517093 (webtiles) character file.

849906 ProjectEKO the Skullcrusher (level 27, -2/293 (327) HPs)
             Began as an Ogre Berserker on Mar 4, 2014.
             Was the Champion of the Shining One.
             Slain by Antaeus
             ... wielding an uncursed staff of poison
              (63 damage)
             ... on Level 7 of Cocytus on Mar 6, 2014.
             The game lasted 09:30:30 (200058 turns).

ProjectEKO the Skullcrusher (Ogre Berserker)      Turns: 200058, Time: 09:30:30

HP  -2/293 (327) AC 19     Str 28      XL: 27
MP  32/45        EV 16     Int 13      God: the Shining One [******]
Gold 2999        SH  0     Dex  9      Spells:  9 memorised, 38 levels left

Res.Fire  : x . .   See Invis. : .   y - +7,+5 giant spiked club (holy)
Res.Cold  : + + +   Warding    : .   a - +1 ice dragon armour (curse)
Life Prot.: + + +   Conserve   : +   (shield restricted)
Res.Poison: .       Res.Corr.  : +   A - +2 orc wizard hat (curse)
Res.Elec. : +       Clarity    : .   b - +1 cloak {rCorr, Cons} (curse)
Sust.Abil.: + .     Spirit.Shd : .   (gloves unavailable)
Res.Mut.  : .       Stasis     : .   (boots unavailable)
Res.Rott. : .       Flight     : .   c - cursed amulet "Cleeno" {Gourm Dex+1 Acc+4}
Gourmand  : +                        q - ring "Xeror" {+Inv +Fly rC+ MR Dex+1 Int-2 Curse}
                                     W - cursed ring "Joitiah" {SustAb rElec Dam+6}

@: quite poisoned, very slightly contaminated, glowing, extremely resistant to
hostile enchantments, extremely unstealthy
A: unfitting armour, deformed body, fast metabolism 1, saprovore 1, tough skin
1, Str -2, Dex -2
a: Divine Shield, Cleansing Flame, Summon Divine Warrior, Renounce Religion,
Evoke Flight
}: 3/15 runes: barnacled, silver, gossamer


You were on level 7 of Cocytus.
You worshipped the Shining One. the Shining One was exalted by your worship.
You were full.

You visited 12 branches of the dungeon, and saw 82 of its levels.
You also visited: Trove, Volcano and Wizlab.

You collected 7877 gold pieces.
You spent 4898 gold pieces at shops.

Inventory:

Hand weapons
 y - a +7,+5 giant spiked club of holy wrath (weapon)
Missiles
 x - 5 large rocks (quivered)
Armour
 a - a cursed +1 ice dragon armour (worn)
 b - a cursed +1 cloak of preservation (worn)
 A - a cursed +2 orcish wizard hat (worn)
Magical devices
 t - a wand of teleportation (2)
 D - a wand of digging (1)
 J - a wand of magic darts (18)
 O - a wand of disintegration (7)
Comestibles
 w - 24 meat rations
 C - a bread ration
Scrolls
 I - a scroll of fear
Jewellery
 c - the cursed amulet "Cleeno" (around neck) {Gourm Dex+1 Acc+4}
   (You took it off an ironbrand convoker on level 5 of the Vaults)

   [amulet of the gourmand]

   It affects your dexterity (+1).
   It affects your accuracy (+4).
   It has a curse placed upon it.
 p - the cursed amulet of Vysetiucw {Clar +Rage MR++ Dam+4}
   (You found it in a treasure trove)

   [amulet of clarity]

   It affects your damage-dealing abilities (+4).
   It affects your resistance to hostile enchantments.
   It lets you go berserk.
   It has a curse placed upon it.
 q - the ring "Xeror" (right hand) {+Inv +Fly rC+ MR Dex+1 Int-2 Curse}
   (You found it in a treasure trove)

   [ring of protection from magic]

   It affects your intelligence (-2).
   It affects your dexterity (+1).
   It protects you from cold.
   It lets you turn invisible.
   It lets you fly.
   It may recurse itself.
 s - a cursed ring of teleport control
 E - the cursed amulet of Smasal {rMut rC- Dam+2}
   (You found it on level 5 of the Crypt)

   [amulet of resist mutation]

   It affects your damage-dealing abilities (+2).
   It makes you vulnerable to cold.
   It has a curse placed upon it.
 T - a cursed ring of see invisible
 W - the cursed ring "Joitiah" (left hand) {SustAb rElec Dam+6}
   (You found it in a treasure trove)

   [ring of sustain abilities]

   It affects your damage-dealing abilities (+6).
   It insulates you from electricity.
   It has a curse placed upon it.
 Y - the cursed ring "Vogess" {rPois Dam+4}
   (You found it in a treasure trove)

   [ring of poison resistance]

   It affects your damage-dealing abilities (+4).
   It has a curse placed upon it.
Potions
 d - a potion of agility


   Skills:
 O Level 27 Fighting
 O Level 27 Maces & Flails
 - Level 20.0 Armour
 - Level 25.0 Dodging
 - Level 18.5 Spellcasting
 + Level 14.7 Hexes
 - Level 14.0 Charms
 - Level 4.7 Summonings
 - Level 9.1 Translocations
 - Level 2.1 Air Magic
 - Level 14.1 Invocations


You had 38 spell levels left.
You knew the following spells:

 Your Spells              Type           Power        Failure   Level  Hunger
a - Abjuration            Summ           ###.......   2%          3    None
b - Fire Brand            Chrm/Fire      ####......   1%          2    None
c - Blink                 Tloc           N/A          1%          2    None
d - Shroud of Golubria    Chrm/Tloc      #####.....   1%          2    None
e - Haste                 Chrm           #####...     2%          6    ######.
f - Apportation           Tloc           #####.....   1%          1    None
g - Flight                Chrm/Air       ####......   1%          3    None
h - Summon Butterflies    Summ           ###.....     1%          1    None
i - Silence               Hex/Air        ####......   4%          5    ###....


Dungeon Overview and Level Annotations

Branches:
Dungeon (27/27)            Temple (0/1) D:7             Orc (4/4) D:10
   Lair (8/8) D:10         Shoals (5/5) Lair:6       Spider (5/5) Lair:5
  Slime (0/6) Lair:7       Vaults (5/5) D:15          Blade (1/1) Vaults:3
  Crypt (5/5) Vaults:3       Tomb (0/3) Crypt:3         Dis (7/7) Hell
    Coc (7/7) Hell            Tar (7/7) Hell            Zot (0/5) D:27
    Elf: Orc:3-4        Geh: Hell:1

Altars:
Cheibriados
Elyvilon
Fedhas
Kikubaaqudgha
Sif Muna
Vehumet
Yredelemnul
Zin
the Shining One
Beogh

Shops:
D:6 +   D:9 [   D:14 [   D:26 !*(   Orc:2 (   Orc:4 [***(   Vaults:3 ?
Vaults:4 ?!   Vaults:5 *

Portals:
Hell: D:21 D:22 D:23 D:24 D:25 D:26 D:27
Abyss: D:25 D:27
Pandemonium: D:24 D:25 D:26

Annotations:
Coc:7 Antaeus


Innate Abilities, Weirdness & Mutations

You are too large for most types of armour.
You have a fast metabolism.
You can tolerate rotten meat.
You have tough skin (AC +1).
You are clumsy. (Dex -2)
Armour fits poorly on your strangely shaped body.
You are weak. (Str -2)


Message History

Antaeus freezes you! You resist.
You are more poisoned.
* * * LOW HITPOINT WARNING * * *
Drink which item? (? for menu, Esc to quit)
Okay, then.
That item cannot be evoked!
Evoke which item? (* to show all) (? for menu, Esc to quit)
Okay, then.
Use which ability? (? or * to list)
The golden flame engulfs you! You resist.
The golden flame engulfs Antaeus.
Antaeus appears unharmed.
Antaeus is lightly wounded.
The golden flame engulfs the Ice Fiend.
The Ice Fiend writhes in agony!
The Ice Fiend is lightly wounded.
You feel somewhat less full.
* * * LOW HITPOINT WARNING * * *
You feel sick. The Ice Fiend barely misses you.
The Ice Fiend claws you but does no damage.
Antaeus hits you with a staff of poison!
You die...

≈≈≈............≈≈≈≈≈≈≈≈≈≈≈≈###***
.)...........≈≈≈≈≈≈≈≈####### **
..[......≈≈≈≈≈≈####### ***
≈≈≈..≈≈≈≈≈≈#################* ***
≈≈≈≈≈≈≈≈#######≈≈≈≈≈≈≈≈≈≈≈≈≈#****
≈≈####### ##≈≈≈......≈≈≈≈≈≈≈#***
### ###≈≈≈........≈≈≈≈≈≈≈***
###≈≈≈...........≈≈≈≈≈≈***
##≈≈≈≈...C@1.......≈≈≈≈≈#**
#######≈≈≈≈≈....#####....≈≈≈≈≈#**
#≈≈≈≈≈≈≈≈≈≈≈...##,,,##....≈≈≈≈#**
≈≈≈≈≈≈≈≈≈≈≈....# ,,,,#C.1..≈≈≈#**
≈≈≈≈≈≈≈≈≈≈≈....#,, ,,'1....≈≈≈* *
≈≈≈≈≈≈≈≈≈≈≈....#,,,,.#.....≈≈≈***
≈≈≈≈≈....≈≈....#*, )##....≈≈≈≈*
≈≈≈≈.[...≈≈.....#*##*.....≈≈≈≈***
≈≈.......≈≈≈......§,,....≈≈≈≈≈***


You could see Antaeus and an Ice Fiend.

Vanquished Creatures
  An ancient lich (Crypt:5)
  the Serpent of Hell (Coc:7)
  Saint Roka (Vaults:1)
  Sojobo (D:26)
  Margery (Crypt:3)
  Mara (D:19)
  2 golden dragons
  Xtahua (Vaults:4)
  3 illusory Maras
  An electric golem (WizLab)
  Nikola (Shoals:2)
  Arachne (Spider:3)
  15 bone dragons
  7 Brimstone Fiends
  12 Hell Sentinels
  6 tentacled monstrosities
  54 Ice Fiends
  A player illusion (D:19)
  43 Shadow Fiends
  4 sphinxes
  11 liches
  A quicksilver dragon (Vaults:5)
  Polyphemus (Shoals:3)
  15 eldritch tentacles
  A quicksilver dragon (shapeshifter) (D:25)
  2 titans (Vaults:5)
  4 Executioners
  2 krakens (Shoals:2)
  9 shadow dragons
  5 ancient champions
  Rupert (D:15)
  Agnes (D:19)
  7 storm dragons
  11 tengu reavers
  A shadow dragon (shapeshifter) (D:26)
  A draconian knight (D:27)
  Ilsuiw (Shoals:4)
  8 fire giants
  6 revenants
  A deep elf sorcerer (Vaults:3)
  12 frost giants
  Donald (Vaults:4)
  13 vault wardens
  Wiglaf (Vaults:1)
  A draconian scorcher (D:27)
  8 ghouls
  17 iron dragons
  Louise (Shoals:2)
  A cacodemon (Dis:7)
  6 curse skulls
  A ghost moth (shapeshifter) (D:26)
  5 ghost moths
  4 balrugs
  4 emperor scorpions (Spider:5)
  Jorgrun (D:24)
  81 stone giants
  10 eidola
  120 reapers
  3 deep elf annihilators
  2 pale draconians (D:27)
  17 blizzard demons
  7 vampire knights
  2 red draconians (D:27)
  4 merfolk javelineers
  2 black draconians (D:27)
  2 mottled draconians (D:27)
  11 ettins
  A spectral sphinx (Crypt:5)
  2 green deaths
  16 jiangshi
  9 merfolk impalers
  29 vault guards
  8 deep elf death magi
  13 ironheart preservers
  The ghost of ProjectEKO the Fencer, a powerful DsDK of Yredelemnul (Lair:8)
  6 sirens
  55 yaktaur captains
  2 great orbs of eyes
  6 dragons
  5 hydras
  2 kraken zombies (Coc:1)
  The ghost of tkappleton the Grim Reaper, a powerful HODK of Yredelemnul (D:12)
  Harold (D:12)
  Josephine (D:10)
  A ravenous feature mimic (Vaults:4)
  20 ice dragons
  A quicksilver dragon skeleton (D:23)
  A ravenous item mimic (Vaults:5)
  4 merfolk aquamancers
  Nessos (Orc:4)
  23 dancing weapons
  12 deep troll earth magi
  Erica (D:15)
  An iron elemental (Dis:4)
  A plague shambler (Crypt:4)
  15 ogre magi
  14 deep troll shamans
  6 deep dwarf death knights
  7 vampire magi
  10 very ugly things
  A rakshasa (D:17)
  A spectral fire giant (Crypt:4)
  A spectral stone giant (Crypt:5)
  8 hell hogs
  3 sun demons
  13 death yaks
  Urug (D:10)
  39 soul eaters
  2 fire crabs
  A fire crab (shapeshifter) (D:20)
  34 centaur warriors
  A catoblepas (Shoals:3)
  Nergalle (D:10)
  27 iron golems
  23 shadow demons
  18 iron trolls
  4 hell beasts
  9 shadow wraiths
  50 ice devils
  16 deep elf knights
  262 skeletal warriors
  A spectral anaconda (Crypt:4)
  2 storm dragon skeletons
  42 deep trolls
  A sea snake (shapeshifter) (D:24)
  13 sea snakes
  30 flayed ghosts
  A deep troll (shapeshifter) (Vaults:5)
  22 hell knights
  A kraken simulacrum (Coc:1)
  14 harpies
  Erolcha (D:8)
  4 unseen horrors
  15 ironbrand convokers
  3 ice statues
  29 orc knights
  A lindwurm (shapeshifter) (D:24)
  22 shadow dragon zombies
  5 crystal golems (WizLab)
  49 hill giants
  6 giant amoebae
  2 anaconda skeletons
  A giant amoeba (shapeshifter) (D:24)
  Joseph (D:10)
  A sphinx zombie (D:19)
  A wolf spider zombie (Crypt:3)
  A golden dragon skeleton (Dis:4)
  39 hellions
  19 flaming corpses
  7 red wasps
  83 iron dragon zombies
  10 necromancers
  37 wolf spiders
  A fire giant zombie (D:21)
  5 deep dwarf berserkers
  4 deep elf conjurers
  2 orc sorcerers
  A wolf spider (shapeshifter) (D:26)
  11 cyclopes
  18 shadow dragon skeletons
  A sphinx skeleton (Crypt:1)
  32 phantasmal warriors
  2 moths of wrath (Spider:5)
  7 spiny worms
  13 stone giant zombies
  A guardian serpent (shapeshifter) (Vaults:4)
  2 sixfirhies
  10 griffons
  A frost giant zombie (D:21)
  A black mamba (shapeshifter) (Vaults:1)
  13 vault sentinels
  2 eyes of devastation (shapeshifter) (Vaults:5)
  15 elephants
  19 stone giant skeletons
  A spiny worm (shapeshifter) (D:26)
  6 iron dragon skeletons
  4 black mambas
  2 guardian serpents
  A dire elephant zombie (Crypt:1)
  2 orange demons
  4 frost giant skeletons
  2 stone golems
  8 fire giant skeletons
  A red wasp (shapeshifter) (Vaults:5)
  10 spiny frogs
  A spectral iron troll (Crypt:3)
  4 smoke demons
  2 yaktaurs (shapeshifter)
  3 dire elephant skeletons
  A green draconian zombie (Crypt:1)
  74 yaktaurs
  A sea snake zombie (Crypt:4)
  A redback zombie (D:20)
  A spriggan druid (Lair:8)
  50 tormentors
  12 mermaids
  2 iron troll zombies
  14 demonic crawlers
  An efreet (Dis:1)
  A fire drake (shapeshifter) (Vaults:2)
  A komodo dragon (shapeshifter) (Vaults:1)
  A polymoth zombie (Crypt:4)
  6 hellwings
  6 fire drakes
  15 silent spectres
  13 orb spiders
  3 guardian mummies
  58 iron devils
  42 death drake zombies
  A spectral harpy (Crypt:3)
  A moth of suppression (Spider:4)
  10 deep elf priests
  2 queen bees (shapeshifter)
  4 iron troll skeletons
  17 trolls
  34 jumping spiders
  A naga mage (Vaults:2)
  A siren zombie (Crypt:3)
  22 red devils
  9 komodo dragons
  2 polar bears
  A wolf spider simulacrum (Crypt:3)
  63 blue devils
  6 spriggans
  A troll (shapeshifter) (Vaults:5)
  31 two-headed ogres
  2 shadow dragon simulacra (Tar:2)
  Prince Ribbit (D:9)
  A dragon zombie (D:17)
  2 polar bears (shapeshifter)
  A harpy skeleton (Crypt:1)
  11 snapping turtles
  A wind drake (shapeshifter) (Vaults:4)
  67 slime creatures
  A catoblepas skeleton (Crypt:3)
  A basilisk (shapeshifter) (Vaults:3)
  45 death drake skeletons
  A fire giant simulacrum (D:22)
  2 stone giant simulacra
  A ynoxinul (Tar:3)
  3 ettin zombies
  7 basilisks
  9 boulder beetles
  8 grizzly bears
  21 blink frogs
  2 hydra skeletons
  2 griffon zombies
  83 ice dragon zombies
  A spectral spiny worm (Crypt:2)
  2 wyverns
  2 air elementals (D:25)
  69 redbacks
  9 trapdoor spiders
  4 dragon skeletons (Crypt:5)
  2 chaos spawn
  199 flying skulls
  A griffon skeleton (D:19)
  97 shadows
  A trapdoor spider (shapeshifter) (D:13)
  40 metal gargoyles
  An elf zombie (D:21)
  3 elephant slugs
  8 sharks
  A black mamba skeleton (Crypt:4)
  4 ettin skeletons
  33 water elementals
  2 hill giant zombies
  78 ice dragon skeletons
  57 yaks
  7 deep elf magi
  35 tarantellas
  A spectral fire crab (Crypt:5)
  3 spectral yaktaurs
  42 vampires
  A giant leech zombie (Crypt:3)
  25 hippogriffs
  76 wraiths
  A spectral giant firefly (Crypt:5)
  151 ugly things
  24 hungry ghosts
  8 clay golems
  33 merfolk
  3 wind drake skeletons
  A water nymph skeleton (Crypt:2)
  14 deep elf fighters
  A spriggan skeleton (Crypt:2)
  4 steam dragons
  An agate snail zombie (D:20)
  2 human zombies (D:26)
  16 manticores
  6 spatial vortices
  4 hill giant skeletons
  13 porcupines
  4 neqoxecs
  25 vampire mosquitoes
  4 soldier ants
  5 rock worms
  24 wolves
  A yak (shapeshifter) (Vaults:4)
  A raven skeleton (Crypt:3)
  3 deep troll zombies
  8 small abominations
  5 deep troll skeletons
  89 hell hounds
  7 mottled dragons
  7 deep dwarves (D:27)
  37 necrophages
  A hydra simulacrum (Coc:3)
  A red wasp simulacrum (Crypt:1)
  99 freezing wraiths
  5 nagas (Vaults:2)
  An orc zombie (D:21)
  34 ice beasts
  3 black bears
  54 orc warriors
  4 ice dragon simulacra
  6 sky beasts
  19 giant goldfish
  A lindwurm zombie (Crypt:1)
  12 phantoms
  5 yellow wasps
  46 centaurs
  An ettin simulacrum (Crypt:2)
  66 ogres
  16 crocodiles
  3 boring beetles
  A lost soul (Crypt:3)
  8 big kobolds
  A fire crab zombie (Crypt:1)
  An ugly thing zombie (Crypt:3)
  Duvessa (D:4)
  A draconian (shapeshifter) (D:13)
  10 wargs
  38 rotting devils
  A lava worm (D:17)
  A spectral wyvern (Crypt:5)
  12 giant slugs
  15 water moccasins
  A brain worm (D:14)
  3 yaktaur zombies
  2 giant slugs (shapeshifter)
  A hog skeleton (Crypt:2)
  A silver statue (D:11)
  2 giant slug zombies
  3 cyclops zombies
  A wyvern zombie (D:10)
  13 agate snails
  An agate snail simulacrum (D:19)
  3 yaktaur skeletons
  A brain worm (shapeshifter) (D:14)
  A deep troll simulacrum (D:21)
  23 giant frogs
  A komodo dragon skeleton (D:14)
  A cyclops skeleton (D:10)
  5 earth elementals (WizLab)
  A gnoll sergeant (D:11)
  An eye of draining (D:15)
  An orb spider zombie (Crypt:2)
  5 boulder beetle zombies
  A fire bat (shapeshifter) (D:17)
  5 lava fish
  2 hippogriff skeletons
  2 shark zombies (Coc:4)
  12 giant goldfish zombies
  2 yak skeletons
  A rock worm zombie (D:18)
  2 troll zombies
  163 wights
  A fire crab simulacrum (Crypt:3)
  3 giant goldfish skeletons
  A fire bat (Volcano)
  22 jellyfish
  9 quasits
  13 electric eels
  11 killer bees
  A grizzly bear skeleton (Crypt:2)
  Dowan (D:4)
  2 giant frog zombies
  5 goliath beetles
  17 hounds
  69 iron imps
  2 lava snakes
  2 wolf zombies
  9 iguanas
  4 jellies
  29 spiders
  23 orc wizards
  Crazy Yiuf (D:2)
  A centaur skeleton (D:8)
  17 crimson imps
  A grizzly bear simulacrum (Crypt:2)
  10 big fish
  8 scorpions
  10 worker ants
  A giant goldfish simulacrum (Coc:2)
  24 orc priests
  A two-headed ogre skeleton (Crypt:1)
  A shapeshifter simulacrum (D:15)
  2 spectral orcs (D:10)
  A porcupine skeleton (Crypt:2)
  An orange rat (Hell)
  33 sheep
  2 big kobold zombies (D:7)
  Ijyb (D:2)
  3 hound zombies
  4 boggarts (Vaults:2)
  47 mummies
  2 naga skeletons
  3 orange rat zombies (Hell)
  28 adders
  21 gnolls
  A steam dragon zombie (Crypt:2)
  19 big fish zombies
  8 giant centipedes
  4 lemures
  4 big fish skeletons
  47 shadow imps
  95 green rats
  38 white imps
  A giant mite (D:2)
  A goliath beetle zombie (D:11)
  3 worms
  An inept feature mimic (D:11)
  7 ufetubi
  5 big fish simulacra
  A giant centipede zombie (D:13)
  A halfling zombie (Crypt:1)
  3 scorpion zombies
  A grey rat (shapeshifter) (D:26)
  3 giant eyeballs
  A giant eyeball (shapeshifter) (Vaults:1)
  2 oozes
  194 orcs
  9 giant cockroaches
  15 hobgoblins
  21 jackals
  47 kobolds
  15 quokkas
  4 ball pythons
  19 bats
  6 giant geckos
  A giant gecko zombie (Crypt:1)
  7 giant newts
  24 goblins
  A goblin skeleton (Crypt:1)
  2 goblin zombies
  A hobgoblin skeleton (D:8)
  A hobgoblin zombie (Crypt:4)
  2 illusory rakshasas (D:17)
  3 orc skeletons
  22 rats
  6 fungi
  11 plants
  16 tentacles
  A tentacle segment (Coc:1)
5986 creatures vanquished.

Vanquished Creatures (collateral kills)
  Geryon (Hell)
  A frost giant (D:27)
  A reaper (Hell)
  6 death yaks
  2 sun demons (Hell)
  A soul eater (Hell)
  3 hell beasts (Hell)
  2 hell knights (D:26)
  An iron devil (Hell)
  2 yaks (Lair:8)
  A metal gargoyle (Hell)
  A freezing wraith (Hell)
  6 orange rats (Hell)
  A white imp (Hell)
  An orc (Vaults:5)
  A bat (Lair:4)
31 creatures vanquished.

Vanquished Creatures (others)
  An eldritch tentacle (Coc:1)
  A daeva (Coc:7)
  2 fire giants (Vaults:4)
  An angel (Coc:7)
  A deep elf high priest (Vaults:5)
  A deep troll (D:26)
  A hill giant (Vaults:5)
  A mermaid (Shoals:2)
  2 trolls (D:27)
  A water elemental (Coc:5)
  A human zombie (D:26)
  A manticore (D:18)
  A hell hound (Dis:2)
  An orc warrior (Vaults:1)
  3 ogres
  A black bear (shapeshifter) (D:18)
  2 centaurs (D:18)
  9 lost souls
  A giant slug (D:18)
  A wight (Dis:2)
  A mummy (Tar:3)
  A shadow imp (Tar:1)
  A white imp (Coc:7)
  An ufetubus (Dis:5)
  An orc (Vaults:1)
  A kobold (D:10)
  A bush (Lair:5)
  5 butterflies
  274 eldritch tentacle segments
  26 fungi
  44 plants
  18 tentacles
  299 tentacle segments
706 creatures vanquished.

Grand Total: 6723 creatures vanquished

Notes
Turn   | Place    | Note
--------------------------------------------------------------
     0 | D:1      | ProjectEKO, the Ogre Berserker, began the quest for the Orb.
     0 | D:1      | Reached XP level 1. HP: 23/23 MP: 0/0
   187 | D:1      | Reached XP level 2. HP: 30/32 MP: 1/1
   327 | D:1      | Reached skill level 5 in Maces & Flails
   585 | D:1      | Acquired Trog's second power
   608 | D:1      | Reached XP level 3. HP: 37/39 MP: 2/2
   829 | D:2      | Reached skill level 6 in Maces & Flails
   855 | D:2      | Noticed Ijyb
   872 | D:2      | Killed Ijyb
   872 | D:2      | Reached XP level 4. HP: 43/48 MP: 3/3
  1198 | D:2      | Reached skill level 7 in Maces & Flails
  1675 | D:2      | Reached XP level 5. HP: 54/54 MP: 4/4
  1716 | D:2      | Noticed Crazy Yiuf
  1729 | D:2      | Killed Crazy Yiuf
  1885 | D:2      | Reached skill level 8 in Maces & Flails
  2060 | D:2      | Found a glowing silver altar of Zin.
  2212 | D:3      | Reached XP level 6. HP: 63/63 MP: 5/5
  2246 | D:3      | Found a blossoming altar of Fedhas.
  2543 | D:3      | Acquired Trog's third power
  3185 | D:3      | Reached skill level 9 in Maces & Flails
  3511 | D:4      | Noticed Duvessa
  3514 | D:4      | Noticed Dowan
  3589 | D:4      | Killed Duvessa
  3589 | D:4      | Reached skill level 10 in Maces & Flails
  3589 | D:4      | Reached XP level 7. HP: 58/70 MP: 6/6
  3604 | D:4      | Killed Dowan
  3886 | D:4      | Found a deep blue altar of Sif Muna.
  3935 | D:4      | Found a snail-covered altar of Cheibriados.
  4210 | D:5      | Entered Level 5 of the Dungeon
  4267 | D:5      | Paralysed by a giant eyeball for 4 turns
  4313 | D:5      | Reached skill level 11 in Maces & Flails
  4429 | D:5      | Reached XP level 8. HP: 46/79 MP: 7/7
  4504 | D:5      | Reached skill level 12 in Maces & Flails
  5059 | D:6      | Found Klatojip's Book Emporium.
  5505 | D:6      | Reached skill level 13 in Maces & Flails
  5648 | D:6      | Found a basalt altar of Yredelemnul.
  5971 | D:6      | Received a gift from Trog
  5973 | D:6      | Got a jewelled great mace {god gift}
  5982 | D:6      | Identified the great mace "Psadau" {god gift, antimagic, rPois} (Trog gifted it to you on level 6 of the Dungeon)
  6112 | D:7      | Reached skill level 5 in Fighting
  6166 | D:7      | Reached XP level 9. HP: 70/87 MP: 8/8
  6486 | D:7      | Found a staircase to the Ecumenical Temple.
  6988 | D:8      | Reached skill level 14 in Maces & Flails
  7204 | D:8      | Reached skill level 5 in Dodging
  7418 | D:8      | Found a glowing golden altar of the Shining One.
  7626 | D:8      | Reached XP level 10. HP: 82/101 MP: 9/9
  7879 | D:8      | Found a blossoming altar of Fedhas.
  8090 | D:8      | Noticed Erolcha
  8100 | D:8      | Killed Erolcha
  8100 | D:8      | Reached skill level 15 in Maces & Flails
  8241 | D:9      | Noticed Prince Ribbit
  8248 | D:9      | Killed Prince Ribbit
  8520 | D:9      | Received a gift from Trog
  8585 | D:9      | Found a radiant altar of Vehumet.
  8701 | D:9      | Found Pug Suymid's Armour Emporium.
  8803 | D:10     | Entered Level 10 of the Dungeon
  8818 | D:10     | Noticed an iron golem
  8830 | D:10     | Reached skill level 10 in Fighting
  8843 | D:10     | Killed an iron golem
  8845 | D:10     | Reached XP level 11. HP: 63/113 MP: 10/10
  8867 | D:10     | Noticed an iron golem
  9319 | D:10     | Found a staircase to the Orcish Mines.
  9607 | D:10     | Found a staircase to the Lair.
  9731 | D:10     | Reached skill level 16 in Maces & Flails
  9859 | D:10     | Noticed Josephine
  9879 | D:10     | Killed Josephine
 10014 | D:10     | Found a portal to a secret trove of treasure.
 10166 | D:10     | Noticed Joseph
 10303 | D:10     | Killed Joseph
 10425 | D:10     | Noticed an iron golem
 10447 | D:10     | Killed an iron golem
 10476 | D:10     | Noticed an iron golem
 10660 | D:10     | Killed an iron golem
 10745 | D:10     | Noticed an iron golem
 10861 | D:10     | Killed an iron golem
 11437 | D:10     | Killed an iron golem
 11526 | D:10     | Noticed an iron golem
 11543 | D:10     | Killed an iron golem
 11543 | D:10     | Reached XP level 12. HP: 98/126 MP: 11/11
 11666 | D:10     | Noticed an iron golem
 11666 | D:10     | Noticed an iron golem
 11697 | D:10     | Killed an iron golem
 11697 | D:10     | Reached skill level 17 in Maces & Flails
 12008 | D:10     | Killed an iron golem
 12079 | D:10     | Noticed Urug
 12089 | D:10     | Killed Urug
 12155 | D:10     | Noticed Nergalle
 12161 | D:10     | Killed Nergalle
 12480 | Lair:1   | Entered Level 1 of the Lair of Beasts
 12535 | Lair:2   | Paralysed by a potion of paralysis for 5 turns
 12540 | Lair:2   | Gained mutation: You are partially covered in slimy green scales (AC +2). [potion of beneficial mutation]
 12641 | Lair:2   | Received a gift from Trog
 12766 | Lair:2   | Found a dark tunnel.
 12770 | Lair:2   | Reached skill level 10 in Dodging
 12777 | Volcano  | Entered a volcano
 13219 | Volcano  | Found a bloodstained altar of Trog.
 13707 | Lair:2   | Reached skill level 18 in Maces & Flails
 14343 | Lair:2   | Reached XP level 13. HP: 137/137 MP: 12/12
 14510 | Lair:3   | Received a gift from Trog
 14514 | Lair:3   | Got a pitted double sword {god gift}
 15778 | Lair:4   | Received a gift from Trog
 16003 | Lair:4   | Identified the +8,+7 double sword of Thronto {slice, rF+ SInv} (Trog gifted it to you on level 3 of the Lair of Beasts)
 16207 | Lair:4   | Reached skill level 15 in Fighting
 16687 | Lair:5   | Received a gift from Trog
 16688 | Lair:5   | Got a shimmering great mace {god gift}
 16795 | Lair:5   | Found a hole to the Spider Nest.
 17866 | Lair:6   | Reached skill level 19 in Maces & Flails
 18056 | Lair:6   | Received a gift from Trog
 18061 | Lair:6   | Got a fine giant spiked club {god gift}
 18081 | Lair:6   | Identified the +4,+3 giant spiked club of Struma {crush, +Fly rN+} (Trog gifted it to you on level 6 of the Lair of Beasts)
 18081 | Lair:6   | Identified the +8,+3 great mace of the Known World {crush, rC+} (Trog gifted it to you on level 5 of the Lair of Beasts)
 18597 | Lair:6   | Found a staircase to the Shoals.
 19452 | Lair:6   | Reached XP level 14. HP: 134/152 MP: 13/13
 19660 | Lair:7   | Found a staircase to the Slime Pits.
 19661 | Lair:7   | Noticed an acid blob
 20588 | Lair:8   | Entered Level 8 of the Lair of Beasts
 20652 | Lair:8   | Got a bloodstained cloak
 20808 | Lair:7   | Identified the +1 cloak of the Pleiades {+Inv rPois rN+ Stlth-} (You found it on level 8 of the Lair of Beasts)
 21360 | Lair:8   | Noticed ProjectEKO's ghost (powerful DsDK)
 21367 | Lair:8   | Killed ProjectEKO's ghost
 21689 | Lair:8   | Reached skill level 20 in Maces & Flails
 21709 | Lair:8   | Received a gift from Trog
 21710 | Lair:8   | Got a warped giant club {god gift}
 23277 | Lair:8   | Reached XP level 15. HP: 152/165 MP: 14/14
 24117 | Lair:2   | Identified the +2,+6 giant club of Midnight {speed, -Cast Int+4} (Trog gifted it to you on level 8 of the Lair of Beasts)
 24407 | Lair:1   | Received a gift from Trog
 24408 | Lair:1   | Got an ancient giant club {god gift}
 24637 | Lair:1   | Identified the +5,+4 giant club "Wiegahoamiu" {venom, rN+ Dex+2 Int+4} (Trog gifted it to you on level 1 of the Lair of Beasts)
 25171 | D:11     | Found Teikieffag's Armour Shoppe.
 25174 | D:11     | Teikieffag's Armour Shoppe was a mimic.
 25571 | D:12     | Noticed Harold
 25598 | D:12     | Killed Harold
 25598 | D:12     | Received a gift from Trog
 25708 | D:12     | Noticed tkappleton's ghost (powerful HODK)
 25719 | D:12     | Killed tkappleton's ghost
 26365 | D:13     | Found an ancient bone altar of Kikubaaqudgha.
 27137 | D:14     | Entered Level 14 of the Dungeon
 27148 | D:14     | Received a gift from Trog
 27148 | D:14     | Reached skill level 21 in Maces & Flails
 27264 | D:14     | Found Yluen's Armour Emporium.
 28000 | D:15     | Entered Level 15 of the Dungeon
 28153 | D:15     | Noticed Erica
 28163 | D:15     | Killed Erica
 28482 | D:15     | Received a gift from Trog
 28486 | D:15     | Found a staircase to the Vaults.
 28707 | D:15     | Noticed a shadow dragon
 28720 | D:15     | Killed a shadow dragon
 29210 | D:15     | Noticed Rupert
 29218 | D:15     | Killed Rupert
 29218 | D:15     | Reached XP level 16. HP: 173/179 MP: 15/15
 29932 | D:16     | Noticed a storm dragon
 30096 | D:16     | Killed a storm dragon
 30321 | D:16     | Found a glowing golden altar of the Shining One.
 30321 | D:16     | Found a white marble altar of Elyvilon.
 30914 | Lair:2   | Gained mutation: You heal slowly. [potion of mutation]
 30914 | Lair:2   | Gained mutation: You are partially covered in rough black scales (AC +4, Dex -1). [potion of mutation]
 30914 | Lair:2   | Gained mutation: You have a pair of small horns on your head. [potion of mutation]
 30919 | Lair:2   | Gained mutation: You have sharp toenails. [potion of mutation]
 30919 | Lair:2   | Gained mutation: Your flesh is heat resistant. [potion of mutation]
 31546 | D:16     | Received a gift from Trog
 31562 | D:16     | Reached skill level 1 in Armour
 32742 | D:17     | Reached skill level 22 in Maces & Flails
 33508 | D:18     | Received a gift from Trog
 33512 | D:18     | Got a blackened giant spiked club {god gift}
 33651 | D:18     | Identified the giant spiked club of Pragmatism {god gift, drain, +Inv rPois} (Trog gifted it to you on level 18 of the Dungeon)
 33882 | D:18     | Identified a -2 rod of warding (9/9) (You found it on level 18 of the Dungeon)
 34201 | D:18     | Identified a scroll of acquirement
 34546 | D:18     | Reached XP level 17. HP: 190/192 MP: 16/16
 34797 | D:19     | Reached skill level 15 in Dodging
 34843 | D:19     | Noticed Agnes
 34858 | D:19     | Killed Agnes
 34871 | D:19     | Noticed Mara
 34885 | D:19     | Noticed ProjectEKO's illusion
 34933 | D:19     | Noticed Mara
 34944 | D:19     | Killed ProjectEKO's illusion
 34958 | D:19     | Noticed Mara
 34959 | D:19     | Noticed ProjectEKO's illusion
 34967 | D:18     | Killed Mara
 35333 | D:19     | Noticed Mara
 35333 | D:19     | Noticed Mara
 35340 | D:19     | Killed Mara
 35353 | D:19     | Killed Mara
 35359 | D:19     | Killed Mara
 35743 | D:19     | Received a gift from Trog
 35904 | D:19     | Reached skill level 5 in Armour
 36084 | D:19     | Gained mutation: You are agile. (Dex +2) [potion of beneficial mutation]
 36147 | D:20     | Entered Level 20 of the Dungeon
 37098 | D:21     | Received a gift from Trog
 38710 | D:21     | Reached skill level 23 in Maces & Flails
 38824 | D:21     | Found a gateway to Hell.
 39708 | D:21     | Reached XP level 18. HP: 188/205 MP: 17/17
 39985 | D:21     | Identified Mneumois' Grimoire of Helpful Unholy Secrets (You found it on level 21 of the Dungeon)
 40006 | D:21     | Paralysed by a vampire knight for 2 turns
 43250 | D:23     | Received a gift from Trog
 44036 | D:23     | Paralysed by a sphinx for 7 turns
 44445 | D:24     | Lost mutation: You are agile. (Dex +2) [a shining eye]
 44511 | D:24     | Noticed Jorgrun
 44527 | D:24     | Killed Jorgrun
 44582 | D:24     | Found a magical portal.
 44597 | D:24     | Reached XP level 19. HP: 82/218 MP: 18/18
 44631 | WizLab   | Entered a wizard's laboratory
 44971 | WizLab   | Noticed an electric golem
 44983 | WizLab   | Killed an electric golem
 45212 | WizLab   | Reached skill level 24 in Maces & Flails
 45445 | D:24     | Received a gift from Trog
 45500 | D:24     | Found a one-way gate leading to the halls of Pandemonium.
 46880 | Orc:1    | Entered Level 1 of the Orcish Mines
 47092 | Orc:2    | Found Wurou's Weapon Emporium.
 47205 | Orc:2    | Found a roughly hewn altar of Beogh.
 47252 | Orc:2    | Received a gift from Trog
 47253 | Orc:2    | Got a jewelled giant club {god gift}
 47800 | Orc:2    | Found a roughly hewn altar of Beogh.
 47942 | Orc:1    | Found a roughly hewn altar of Beogh.
 48377 | Orc:4    | Entered Level 4 of the Orcish Mines
 48379 | Orc:4    | Received a gift from Trog
 48380 | Orc:4    | Got an ichor-stained giant spiked club {god gift}
 48454 | Orc:4    | Noticed Nessos
 48593 | Orc:4    | Killed Nessos
 48896 | Orc:4    | Found Hociuz's Armour Boutique.
 48900 | Orc:4    | Found Grejao's Assorted Antiques.
 48921 | Orc:4    | Received a gift from Trog
 48922 | Orc:4    | Got an ichor-stained giant spiked club {god gift}
 48935 | Orc:4    | Found Jyory's Assorted Antiques.
 48966 | Orc:4    | Found Grushrati's Antique Weapon Shop.
 49004 | Orc:4    | Bought a scroll of identify for 48 gold pieces
 49004 | Orc:4    | Bought 2 potions of curing for 96 gold pieces
 49004 | Orc:4    | Bought a scroll labeled BRUCUL STRYMOE for 24 gold pieces
 49005 | Orc:4    | Identified the +8,+10 giant spiked club of Valour {drain, SInv} (Trog gifted it to you on level 4 of the Orcish Mines)
 49110 | Orc:4    | Found Gisigatu's General Store.
 49120 | Orc:4    | Bought a pear for 11 gold pieces
 49120 | Orc:4    | Bought a scroll of identify for 28 gold pieces
 49120 | Orc:4    | Bought 2 potions of heal wounds for 84 gold pieces
 49120 | Orc:4    | Bought a bread ration for 56 gold pieces
 49121 | Orc:4    | Identified the +3,+4 giant spiked club "Senomown" {crush, +Fly rN+} (Trog gifted it to you on level 4 of the Orcish Mines)
 49438 | Lair:2   | Identified the +3,+7 giant club "Xon Ungy" {flame, SInv} (Trog gifted it to you on level 2 of the Orcish Mines)
 49768 | Vaults:1 | Entered Level 1 of the Vaults
 51006 | Vaults:1 | Received a gift from Trog
 51007 | Vaults:1 | Got a jewelled giant club {god gift}
 51063 | Vaults:1 | Noticed Wiglaf
 51479 | Vaults:1 | Identified the +3,+5 giant club "Owotz" {freeze, *Tele} (Trog gifted it to you on level 1 of the Vaults)
 51745 | Vaults:1 | Got a flickering steel ring
 51911 | Vaults:1 | Killed Wiglaf
 52255 | Vaults:1 | Received a gift from Trog
 52569 | Vaults:1 | Noticed Saint Roka
 52588 | Vaults:1 | Killed Saint Roka
 52588 | Vaults:1 | Reached XP level 20. HP: 219/232 MP: 18/18
 52984 | Vaults:2 | Received a gift from Trog
 53455 | Vaults:2 | Reached skill level 10 in Armour
 53728 | Vaults:2 | Got a crude animal skin
 53810 | Vaults:2 | Identified the +3 animal skin "Twarung" {rElec Acc+5 Dam+1 SInv} (You found it on level 2 of the Vaults)
 54231 | Vaults:2 | Reached skill level 25 in Maces & Flails
 54445 | Vaults:2 | Received a gift from Trog
 55037 | Vaults:3 | Found Shromp's Magic Scroll Emporium.
 55048 | Vaults:3 | Bought a scroll of identify for 30 gold pieces
 55049 | Vaults:3 | Identified the ring "Heqotesh" {+/*Tele Int-3} (You found it on level 1 of the Vaults)
 55279 | Vaults:3 | Received a gift from Trog
 55280 | Vaults:3 | Got a steaming giant spiked club {god gift}
 55367 | Vaults:3 | Bought a scroll of identify for 30 gold pieces
 55367 | Vaults:3 | Bought a scroll of identify for 30 gold pieces
 55367 | Vaults:3 | Bought a scroll of identify for 30 gold pieces
 55368 | Vaults:3 | Identified the +4,+9 giant spiked club "Illol" {elec, rF+ Stlth++} (Trog gifted it to you on level 3 of the Vaults)
 55447 | Vaults:3 | Found a glowing silver altar of Zin.
 55473 | Vaults:3 | Found a staircase to the Hall of Blades.
 56246 | Vaults:3 | Found a staircase to the Crypt.
 56328 | Vaults:3 | Received a gift from Trog
 56328 | Vaults:3 | Reached XP level 21. HP: 158/244 MP: 19/19
 56329 | Vaults:3 | Got a slimy giant club {god gift}
 56430 | Vaults:3 | Identified the +4,+5 giant club of Indignation {flame, Str+2} (Trog gifted it to you on level 3 of the Vaults)
 57038 | Vaults:4 | Found Tous Hacef's Distillery.
 57070 | Vaults:4 | Bought a potion of curing for 38 gold pieces
 57070 | Vaults:4 | Bought a potion of heal wounds for 57 gold pieces
 58579 | Vaults:4 | Received a gift from Trog
 58580 | Vaults:4 | Got a brightly glowing giant spiked club {god gift}
 58624 | Vaults:4 | Found Cihoif's Gadget Emporium.
 58626 | Vaults:4 | Cihoif's Gadget Emporium was a mimic.
 58677 | Vaults:4 | Noticed Donald
 58681 | Vaults:4 | Killed Donald
 58922 | Vaults:4 | Noticed Xtahua
 58933 | Vaults:4 | Killed Xtahua
 59139 | Vaults:4 | Found Klatum's Magic Scroll Emporium.
 59145 | Vaults:4 | Bought a scroll of acquirement for 780 gold pieces
 59152 | Vaults:4 | Identified a +1 cloak of preservation (You acquired it on level 4 of the Vaults)
 59984 | Vaults:4 | Received a gift from Trog
 60051 | Vaults:5 | Entered Level 5 of the Vaults
 60680 | Vaults:4 | Reached skill level 26 in Maces & Flails
 60893 | Vaults:5 | Reached XP level 22. HP: 202/260 MP: 20/20
 61756 | Vaults:5 | Identified the Tome of the Frostbite and Calling (You found it on level 5 of the Vaults)
 62416 | Vaults:5 | Got a twisted flail
 62747 | Vaults:5 | Received a gift from Trog
 63157 | Vaults:5 | Found Cell's Assorted Antiques.
 63420 | Vaults:5 | Bought a scroll of enchant weapon I for 214 gold pieces
 63420 | Vaults:5 | Bought a scroll of enchant weapon II for 214 gold pieces
 63955 | Lair:2   | Identified the +1,+6 giant spiked club "Xiadghu" {vamp, -Tele rC++} (Trog gifted it to you on level 4 of the Vaults)
 63957 | Lair:2   | Identified the +8,+5 flail "Proqeod" {vamp, rPois MR++} (You found it on level 5 of the Vaults)
 64489 | Vaults:5 | Got a faintly glowing diamond amulet
 64511 | Vaults:5 | Got an ancient pewter amulet
 64789 | Vaults:5 | Got a silver rune of Zot
 64907 | Vaults:5 | Identified the amulet of the Sky {Clar +Fly} (You took it off an ogre mage on level 5 of the Vaults)
 64907 | Vaults:5 | Identified the amulet "Cleeno" {Gourm Dex+1 Acc+4} (You took it off an ironbrand convoker on level 5 of the Vaults)
 65424 | Vaults:5 | Received a gift from Trog
 65438 | Vaults:5 | Reached XP level 23. HP: 206/273 MP: 20/20
 66513 | Hell     | Entered the Vestibule of Hell
 66513 | Hell     | Noticed Geryon
 66530 | Hell     | Killed Geryon
 66671 | D:25     | Entered Level 25 of the Dungeon
 67031 | D:25     | Reached skill level 27 in Maces & Flails
 67177 | D:25     | Received a gift from Trog
 67594 | D:25     | Found a one-way gate to the infinite horrors of the Abyss.
 69471 | D:26     | Paralysed by a giant eyeball for 3 turns
 69842 | D:26     | Got a fine steel ring
 69954 | D:26     | Received a gift from Trog
 69955 | D:26     | Got a polished giant club {god gift}
 71302 | Vaults:4 | Bought a scroll of recharging for 82 gold pieces
 71302 | Vaults:4 | Bought a scroll of identify for 30 gold pieces
 71302 | Vaults:4 | Bought a scroll of remove curse for 45 gold pieces
 71302 | Vaults:4 | Bought a scroll of magic mapping for 52 gold pieces
 71302 | Vaults:4 | Bought a scroll of magic mapping for 52 gold pieces
 71906 | Lair:2   | Identified the ring of the Tempest {Hunger- +Inv +Fly} (You took it off a skeletal warrior on level 26 of the Dungeon)
 72806 | D:26     | Noticed Sojobo
 72816 | D:26     | Killed Sojobo
 73562 | D:26     | Got a brightly glowing jade ring
 73588 | D:26     | Identified the cursed ring of Kefoh {rC+ rN+} (You found it on level 26 of the Dungeon)
 73642 | D:26     | Got a ring of the Octopus King
 73785 | D:26     | Reached XP level 24. HP: 282/288 MP: 21/21
 74822 | D:26     | Identified a ring of the Octopus King {Regen AC+1 EV+1 Str+1 Dex+1 Int+1} (You took it off a vampire mage on level 26 of the Dungeon)
 74829 | D:26     | Found Theffacs' General Store.
 74839 | D:26     | Bought a meat ration for 92 gold pieces
 74839 | D:26     | Bought a potion of curing for 46 gold pieces
 74839 | D:26     | Bought an apple for 18 gold pieces
 74839 | D:26     | Bought 2 potions of curing for 92 gold pieces
 75227 | D:26     | Received a gift from Trog
 75228 | D:26     | Got a twisted giant club {god gift}
 75259 | D:26     | Got an ichor-stained robe
 75263 | D:26     | Identified the +2 robe of Infinity {+Inv Int+3} (You found it on level 26 of the Dungeon)
 75502 | D:26     | Found Cryp's Antique Weapon Emporium.
 75969 | D:26     | Found Puowuic's Distillery.
 75981 | D:26     | Bought a potion of curing for 26 gold pieces
 75981 | D:26     | Bought a potion of curing for 26 gold pieces
 75981 | D:26     | Bought a potion of curing for 26 gold pieces
 75981 | D:26     | Bought a potion of curing for 26 gold pieces
 75981 | D:26     | Bought a potion of curing for 26 gold pieces
 75981 | D:26     | Bought a potion of heal wounds for 39 gold pieces
 76662 | Lair:2   | Identified the +4,+8 giant club of Schoadigg {flame, -Cast Str-2} (Trog gifted it to you on level 26 of the Dungeon)
 77322 | D:27     | Entered Level 27 of the Dungeon
 77459 | D:27     | Received a gift from Trog
 79365 | Trove    | Entered a treasure trove
 79382 | Trove    | Got a crude zirconium amulet
 79390 | Trove    | Got a heavily runed copper ring
 79397 | Trove    | Got a vibrating jade ring
 79401 | Trove    | Got a wavering ivory ring
 79459 | Lair:2   | Identified the ring "Xeror" {+Inv +Fly rC+ MR Dex+1 Int-2 Curse} (You found it in a treasure trove)
 79460 | Lair:2   | Identified the amulet of Vysetiucw {Clar +Rage MR++ Dam+4} (You found it in a treasure trove)
 79463 | Lair:2   | Identified the ring "Vogess" {rPois Dam+4} (You found it in a treasure trove)
 79468 | Lair:2   | Identified the ring "Joitiah" {SustAb rElec Dam+6} (You found it in a treasure trove)
 80443 | D:27     | Reached skill level 15 in Armour
 81422 | D:27     | Reached XP level 25. HP: 282/302 MP: 21/21
 83881 | Shoals:1 | Entered Level 1 of the Shoals
 83992 | Lair:6   | Reached skill level 27 in Fighting
 84355 | Lair:6   | Fell from the grace of Trog
134931 | Lair:6   | Was forgiven by Trog
135294 | D:8      | Became a worshipper of the Shining One
136439 | D:21     | Acquired the Shining One's first power
137420 | Blade    | Entered the Hall of Blades
137861 | Crypt:1  | Entered Level 1 of the Crypt
138019 | Crypt:1  | Acquired the Shining One's second power
139062 | Crypt:2  | Acquired the Shining One's third power
139540 | Lair:2   | Learned a level 3 spell: Abjuration
139543 | Lair:2   | Learned a level 2 spell: Fire Brand
140021 | Crypt:2  | Reached skill level 1 in Spellcasting
140039 | Crypt:2  | Reached skill level 1 in Charms
141523 | Crypt:2  | Reached skill level 1 in Summonings
141893 | Crypt:3  | Acquired the Shining One's fourth power
141920 | Crypt:3  | Noticed Margery
141937 | Crypt:3  | Killed Margery
146678 | Hell     | Reached XP level 26. HP: 292/312 MP: 30/30
147842 | Hell     | Found a gateway to the freezing wastes of Cocytus.
149287 | Shoals:2 | Noticed Louise
149297 | Shoals:2 | Killed Louise
149431 | Shoals:2 | Noticed Nikola
149447 | Shoals:2 | Killed Nikola
149955 | Shoals:3 | Noticed Polyphemus
149963 | Shoals:3 | Killed Polyphemus
149970 | Shoals:3 | Reached skill level 5 in Spellcasting
150851 | Shoals:4 | Noticed Ilsuiw
150867 | Shoals:4 | Killed Ilsuiw
151033 | Shoals:5 | Entered Level 5 of the Shoals
151183 | Shoals:5 | Got a barnacled rune of Zot
152114 | Spider:1 | Entered Level 1 of the Spider Nest
154886 | D:6      | Bought a book of Party Tricks for 500 gold pieces
154886 | D:6      | Bought a book of the Warp for 900 gold pieces
154886 | D:6      | Bought a book of Battle for 400 gold pieces
154886 | D:6      | Bought a book of the Earth for 650 gold pieces
155490 | Hell     | Learned a level 2 spell: Blink
155493 | Hell     | Learned a level 2 spell: Shroud of Golubria
156233 | Spider:3 | Noticed Arachne
156241 | Spider:3 | Killed Arachne
156251 | Spider:3 | Reached skill level 5 in Charms
157240 | Spider:5 | Entered Level 5 of the Spider Nest
158195 | Spider:5 | Reached XP level 27. HP: 319/324 MP: 37/37
158227 | Spider:5 | Got a gossamer rune of Zot
160094 | Crypt:3  | Found a staircase to the Tomb.
160232 | Crypt:3  | Gained mutation: Your mind is acute. (Int +2) [potion of beneficial mutation]
162020 | Crypt:5  | Entered Level 5 of the Crypt
163572 | Crypt:5  | Reached skill level 10 in Spellcasting
163821 | Crypt:5  | Found an ancient bone altar of Kikubaaqudgha.
163898 | Crypt:5  | Identified the Catalogue of Conjuration
163907 | Crypt:5  | Noticed an ancient lich
163926 | Crypt:5  | Killed an ancient lich
164384 | Crypt:5  | Got a flickering tin amulet
165270 | D:16     | Identified a +7,+5 giant spiked club of holy wrath (a cursed +6,+5 giant spiked club blessed by the Shining One)
165523 | Hell     | Learned a level 6 spell: Haste
165528 | Hell     | Identified the amulet of Smasal {rMut rC- Dam+2} (You found it on level 5 of the Crypt)
165555 | Hell     | Learned a level 1 spell: Apportation
165596 | Tar:1    | Entered Level 1 of Tartarus
165713 | Tar:1    | Reached skill level 1 in Translocations
165948 | Tar:1    | Gained mutation: You are frail (-10% HP). [mutagenic glow]
167755 | Tar:2    | Paralysed by the effects of Hell for 4 turns
170715 | Tar:3    | Reached skill level 5 in Translocations
171356 | Tar:3    | Reached skill level 10 in Charms
174278 | Tar:4    | Paralysed by the effects of Hell for 3 turns
176575 | Tar:6    | Paralysed by the effects of Hell for 2 turns
176614 | Tar:7    | Entered Level 7 of Tartarus
176792 | Tar:7    | Reached skill level 15 in Spellcasting
177305 | Tar:7    | Reached skill level 1 in Invocations
177411 | Dis:1    | Entered Level 1 of the Iron City of Dis
177663 | Dis:1    | Reached skill level 5 in Invocations
178905 | Dis:2    | Reached skill level 10 in Invocations
180440 | Hell     | Learned a level 3 spell: Flight
181099 | Dis:4    | Gained mutation: Your body is slowly deteriorating. [mutagenic glow]
181139 | Dis:4    | Lost mutation: You are frail (-10% HP). [mutagenic glow]
184010 | Hell     | Learned a level 1 spell: Summon Butterflies
184112 | Dis:3    | Paralysed by the effects of Hell for 2 turns
184922 | Dis:2    | Paralysed by the effects of Hell for 5 turns
185484 | Dis:7    | Entered Level 7 of the Iron City of Dis
186822 | Dis:7    | Gained mutation: Your magical capacity is low (-10% MP). [mutagenic glow]
187084 | Dis:7    | Got a glittering silver ring
187099 | Dis:7    | Got a fine zirconium amulet
187100 | Dis:7    | Got an ancient hand axe
187103 | Dis:7    | Got a faintly glowing halberd
187795 | Dis:7    | Gained mutation: You tend to lose your temper in combat. [mutagenic glow]
187855 | Dis:7    | Gained mutation: You are weak. (Str -2) [mutagenic glow]
188179 | Hell     | Identified the ring "Treek" {-Tele rPois Str+2 Dam+4} (You took it off an iron imp on level 7 of the Iron City of Dis)
188180 | Hell     | Identified the amulet "Stalupeha" {Ward Dex+5 Int+4} (You took it off an iron imp on level 7 of the Iron City of Dis)
188240 | Hell     | Lost mutation: You are partially covered in slimy green scales (AC +2). [potion of cure mutation]
188240 | Hell     | Lost mutation: You have sharp toenails. [potion of cure mutation]
188240 | Hell     | Lost mutation: Your body is slowly deteriorating. [potion of cure mutation]
188240 | Hell     | Lost mutation: You tend to lose your temper in combat. [potion of cure mutation]
188240 | Hell     | Lost mutation: Your magical capacity is low (-10% MP). [potion of cure mutation]
188262 | Coc:1    | Entered Level 1 of Cocytus
189816 | Coc:2    | Kraito: "You stick the spatial vortex like a pincushion!"
189912 | Hell     | Learned a level 5 spell: Silence
190065 | Coc:2    | Reached skill level 1 in Hexes
190121 | Coc:2    | Reached skill level 1 in Air Magic
191087 | Coc:2    | Gained mutation: You digest meat inefficiently. [mutagenic glow]
191161 | Coc:2    | Gained mutation: You are frail (-10% HP). [mutagenic glow]
191206 | Coc:3    | Gained mutation: You have a very fast metabolism. [mutagenic glow]
191314 | Coc:3    | Reached skill level 5 in Hexes
191809 | Hell     | Lost mutation: You have a pair of small horns on your head. [potion of cure mutation]
191809 | Hell     | Lost mutation: You have a very fast metabolism. [potion of cure mutation]
191809 | Hell     | Lost mutation: Your mind is acute. (Int +2) [potion of cure mutation]
191810 | Hell     | Lost mutation: You are frail (-10% HP). [potion of cure mutation]
191810 | Hell     | Lost mutation: You digest meat inefficiently. [potion of cure mutation]
191810 | Hell     | Lost mutation: You are weak. (Str -2) [potion of cure mutation]
191810 | Hell     | Lost mutation: You are partially covered in rough black scales (AC +4, Dex -1). [potion of cure mutation]
193612 | Coc:4    | Reached skill level 10 in Hexes
194376 | Coc:5    | Gained mutation: Armour fits poorly on your strangely shaped body. [mutagenic glow]
194954 | Hell     | Lost mutation: Your flesh is heat resistant. [potion of cure mutation]
194954 | Hell     | Lost mutation: Armour fits poorly on your strangely shaped body. [potion of cure mutation]
194954 | Hell     | Lost mutation: You heal slowly. [potion of cure mutation]
196712 | Coc:6    | Gained mutation: You are weak. (Str -2) [mutagenic glow]
197168 | Coc:2    | Paralysed by the effects of Hell for 7 turns
197824 | Coc:7    | Entered Level 7 of Cocytus
197825 | Coc:7    | ...Damnit
198174 | Coc:7    | Noticed the Serpent of Hell
198249 | Coc:7    | Killed the Serpent of Hell
198924 | Coc:7    | Gained mutation: Armour fits poorly on your strangely shaped body. [mutagenic glow]
198963 | Coc:7    | Gained mutation: You are clumsy. (Dex -2) [mutagenic glow]
199558 | Coc:7    | Noticed Antaeus
199578 | Coc:7    | HP: 10/293 [Antaeus/bolt of cold (11)]
200058 | Coc:7    | Slain by Antaeus

Action                   |  1- 3 |  4- 6 |  7- 9 | 10-12 | 13-15 | 16-18 | 19-21 | 22-24 | 25-27 || total
-------------------------+-------+-------+-------+-------+-------+-------+-------+-------+-------++-------
Melee: Mace              |    93 |   115 |       |       |       |       |       |       |       ||   208
       Flail             |       |   118 |    50 |       |       |       |       |       |       ||   168
       Giant spiked club |       |       |   267 |   406 |   770 |       |       |       |  4641 ||  6084
       Great mace        |       |       |       |     1 |       |       |       |       |       ||     1
       Giant club        |       |       |       |       |   575 |  1464 |  1722 |  1314 |  2356 ||  7431
 Fire: Blowgun           |       |       |       |     5 |       |       |       |       |       ||     5
Throw: Stone             |       |     7 |       |       |       |       |       |       |       ||     7
       Javelin           |       |     6 |     8 |    40 |     1 |       |       |       |       ||    55
       Large rock        |       |       |    21 |    49 |     9 |     2 |       |     7 |    14 ||   102
 Cast: Summon Butterflie |       |       |       |       |       |       |       |       |    52 ||    52
       Flight            |       |       |       |       |       |       |       |       |    25 ||    25
       Shroud of Golubri |       |       |       |       |       |       |       |       |    12 ||    12
       Haste             |       |       |       |       |       |       |       |       |     6 ||     6
       Silence           |       |       |       |       |       |       |       |       |     2 ||     2
Invok: Berserk           |       |     3 |       |     9 |       |       |     1 |     2 |       ||    15
       Brothers in Arms  |       |       |       |     1 |     2 |     1 |       |    14 |       ||    18
       Renounce Religion |       |       |       |       |       |       |       |       |     1 ||     1
       Summon Divine War |       |       |       |       |       |       |       |       |     2 ||     2
       Cleansing Flame   |       |       |       |       |       |       |       |       |     1 ||     1
 Abil: Evoke Flight      |       |       |       |       |       |       |       |       |    14 ||    14
Evoke: Wand              |       |     2 |    15 |    10 |     8 |     3 |    17 |     1 |    24 ||    80
       Deck              |       |       |       |       |       |       |       |     5 |     7 ||    12
       Miscellaneous     |       |       |       |       |       |       |       |       |     1 ||     1
  Use: Scroll            |     4 |     8 |     9 |     4 |    18 |    14 |    14 |    29 |    24 ||   124
       Potion            |       |     8 |     1 |     7 |     5 |     6 |     2 |     3 |    44 ||    76
 Stab: Sleeping          |     1 |     3 |     1 |       |       |       |       |       |       ||     5
       Distracted        |       |       |       |       |     1 |     1 |       |       |     3 ||     5
       Fleeing           |       |       |       |       |       |       |     1 |       |     3 ||     4
